 Dungeon Crawl Stone Soup version 0.30-b1-2-g02819fbbbe (webtiles) character file.

Game seed: 10507675418135905704

10 Alarkh the Vexing (level 2, 21/21 HPs)
             Began as a Demonspawn Hexslinger on July 9, 2023.
             Got out of the dungeon alive.
             The game lasted 00:00:19 (408 turns).

Alarkh the Vexing (Demonspawn Hexslinger)            Turns: 408, Time: 00:00:19

Health: 21/21      AC:  3    Str: 10    XL:     2   Next: 10%
Magic:  3/3        EV: 12    Int: 14    God:
Gold:   36         SH:  4    Dex: 13    Spells: 2/3 levels left

rFire   . . .        a - +1 sling
rCold   . . .        (no shield)
rNeg    . . .        c - +0 robe
rPois   .            (no helmet)
rElec   .            (no cloak)
rCorr   .            h - +0 pair of gloves
SInv    .            (no boots)
Will    .....        (no amulet)
Stlth   +            (no ring)
HPRegen 0.23/turn    (no ring)
MPRegen 0.08/turn

%: no passive effects
@: no status effects
A: condensation shield
a: no special abilities


You escaped.
You visited 1 branch of the dungeon, and saw 1 of its levels.

You collected 36 gold pieces.

Inventory:

Hand Weapons
 a - a +1 sling (weapon)
Armour
 c - a +0 robe (worn)
 h - a +0 pair of gloves (worn)
Scrolls
 b - a scroll of poison
 d - a scroll of identify {unknown}
 f - a scroll of noise {unknown}
 g - a scroll of enchant armour {unknown}
Potions
 e - a potion of curing {unknown}


   Skills:
 + Level 1.4 Fighting
 * Level 2.3 Ranged Weapons
 - Level 1.7 Dodging
 - Level 1.0 Spellcasting
 - Level 3.0 Hexes


You had 2 spell levels left.
You knew the following spells:

 Your Spells              Type           Power      Damage    Failure   Level
a - Slow                  Hex            36%        N/A       8%          1

Your spell library contained the following spells:

 Spells                   Type           Power      Damage    Failure   Level
 Lesser Beckoning         Tloc           0%         N/A       36%         2
 Inner Flame              Hex/Fire       4%         N/A       38%         3
 Portal Projectile        Hex/Tloc       8%         N/A       38%         3
 Cause Fear               Hex            4%         N/A       58%         4
 Gell's Gravitas          Tloc           0%         N/A       61%         3
 Teleport Other           Tloc           0%         N/A       61%         3


Dungeon Overview and Level Annotations

Branches:
Dungeon (1/15)

Altars:


Innate Abilities, Weirdness & Mutations

A meltable shield of frost defends you. (SH +4)


Message History

You kill the goblin!
No target in view!
You see here a +0 pair of gloves.
h - a +0 pair of gloves You start putting on your armour.
You continue putting on your +0 pair of gloves. x4
You finish putting on your +0 pair of gloves.
You see here a +0 club.
You open the door.
A dart slug comes into view.
The dart slug launches a dart at you. The slug dart hits you.
There is an open door, spattered with blood here.
A dart slug is nearby!
A dart slug is nearby!
You shoot a sling bullet. The sling bullet hits the dart slug.
The dart slug is moderately wounded.
You shoot a sling bullet.
The sling bullet barely misses the dart slug.
The dart slug launches a dart at you. The slug dart hits you.
You shoot a sling bullet. The sling bullet hits the dart slug.
The dart slug is severely wounded.
The dart slug launches a dart at you. The slug dart misses you.
You shoot a sling bullet. The sling bullet hits the dart slug.
You kill the dart slug!
You have reached level 2!
Your demonic ancestry asserts itself...
Frost condenses into a shield before you.
Unknown command.
Found a ring mail and 11 gold pieces.
You see here a rat corpse.
You see here a +0 pair of gloves.
There is an open door here.
There is an open door here.
There is an open door here.
There is a staircase leading out of the dungeon here.
Are you sure you want to leave the Dungeon?
This will make you lose the game!
You have escaped!

####.########.......#
###.......### ##...##.#
##...........## ##......
##....#####....## #..#..#
#...#########...# #..#).#
##..##.......##..####.#..#
#...#..##'##..#...# #.#..#
#..##.##...##.##..# #.#..#
#..##.##.@.##.##..# #.#..#
#..##.##...##.##..# #.#..#
#...#..#####..#...# #.#..#
##..##.......##..####.#...
#...####.####...# #..#...
##....##'##....## #..#...
##...........## ##..#...
###.......### ##...#..#
#############....#...


There were no monsters in sight!

Vanquished Creatures
  2 dart slugs (D:1)
  A goblin (D:1)
  A hobgoblin (D:1)
  3 rats (D:1)
7 creatures vanquished.

Notes
Turn   | Place    | Note
-------+----------+-------------------------------------------
     0 | D:1      | Alarkh the Demonspawn Hexslinger began the quest for the
                  | Orb.
     0 | D:1      | Reached XP level 1. HP: 15/15 MP: 2/2
   337 | D:1      | Gained mutation: A meltable shield of frost defends you.
                  | (SH +4) [demonic ancestry]
   337 | D:1      | Reached XP level 2. HP: 13/21 MP: 3/3
   408 | D:$      | Got out of the dungeon alive.

Illustrated notes

Levels and vault maps discovered:
D:1:      dpeg_arrival_concentric_ovals, layout_basic

Skill      XL: |  1 |
---------------+----+-----
Ranged Weapons | 2 |  2.3
Fighting       | |  1.4
Dodging        | |  1.7
Spellcasting   | |  1.0
Hexes          | |  3.0

Action                     || total
---------------------------++-------
   Fire: Sling             ||    27
  Dodge: Dodged            ||     3
